 Dungeon Crawl Stone Soup version 0.25-a0-50-gf0389da217 (webtiles) character file.

Game seed: 6461957641756224987, levelgen mode: deterministic

196 Joeren the Skirmisher (level 5, -2/53 HPs)
             Began as an Ogre Transmuter on Oct 23, 2019.
             Slain by an iguana (9 damage)
             ... on level 3 of the Dungeon on Oct 24, 2019.
             The game lasted 00:26:58 (2924 turns).

Joeren the Skirmisher (Ogre Transmuter)             Turns: 2924, Time: 00:26:58

Health: -2/53      AC:  2    Str: 14    XL:     5   Next: 75%
Magic:  5/9        EV: 19    Int: 15    God:
Gold:   108        SH:  0    Dex: 14    Spells: 4/10 levels left

rFire    . . .     SeeInvis .     - Unarmed
rCold    . . .     Gourm    .   (shield currently unavailable)
rNeg     . . .     Faith    .   (armour currently unavailable)
rPois    x         Spirit   .   (helmet currently unavailable)
rElec    .         Reflect  .   (cloak currently unavailable)
rCorr    .         Harm     .   (gloves unavailable)
MR       .....                  (boots unavailable)
Stlth    +.........             (no amulet)
HPRegen  0.17/turn              (no ring)
MPRegen  0.11/turn              (no ring)

@: spider-form
A: tiny, unfitting armour
a: End Transformation


You were on level 3 of the Dungeon.
You were hungry.
You were a venomous arachnid creature.
You visited 1 branch of the dungeon, and saw 3 of its levels.

You collected 108 gold pieces.

Inventory:

Hand Weapons
 l - a +0 club
 m - a +0 club
Missiles
 a - 10 arrows
 q - 43 stones (quivered)
Armour
 c - a +2 robe of magic resistance (melded)
Scrolls
 e - a scroll of amnesia {unknown}
 g - 2 scrolls of remove curse {unknown}
 j - 3 scrolls of identify {unknown}
 o - a scroll of teleportation {unknown}
Potions
 b - a potion of mutation {unknown}
 f - 2 potions of curing {unknown}
 h - a potion of flight {unknown}
 i - 2 potions of agility
 k - a potion of haste {unknown}
 p - 2 potions of brilliance {unknown}
Comestibles
 d - 3 rations


   Skills:
 + Level 3.5 Fighting
 + Level 2.2 Dodging
 + Level 3.5 Unarmed Combat
 - Level 3.2 Spellcasting
 - Level 3.1 Transmutations
 - Level 1.0 Poison Magic


You had 4 spell levels left.
You knew the following spells:

 Your Spells              Type           Power        Failure   Level  Hunger
a - Beastly Appendage     Tmut           ##....       16%         1    #......
b - Sticks to Snakes      Tmut           ##......     22%         2    ##.....
c - Spider Form           Tmut/Pois      #.........   47%         3    ###....

Your spell library contained the following spells:

 Spells                   Type           Power        Failure   Level  Hunger
 Ice Form                 Ice/Tmut       #.......     87%         4    #####..
 Blade Hands              Tmut           ##........   94%         5    ######.


Dungeon Overview and Level Annotations

Branches:
Dungeon (3/15)

Altars:


Innate Abilities, Weirdness & Mutations

You are too large for most types of armour.
((You have tough skin. (AC +1)))


Message History

You barely miss the iguana.
The iguana is severely wounded.
The iguana hisses menacingly.
The iguana bites you!
* * * LOW HITPOINT WARNING * * *
You hit the iguana but do no damage.
The iguana is severely wounded.
The iguana bites you.
* * * LOW HITPOINT WARNING * * *
Casting: Beastly Appendage (safe; 5% risk of failure)
Confirm with . or Enter, or press ? or * to list all spells.
Your talons disappear.
You turn into a venomous arachnid creature.
Your +2 robe of magic resistance melds into your body.
You feel less resistant to hostile enchantments.
The iguana barely misses you.
You hit the iguana but do no damage.
The iguana is poisoned.
The iguana is severely wounded.
The iguana bites you!
You die...

#.# ###..
#.# #....
#.# #....#
#.# .... #.#
...###.# #
#..##.#
....##..##.#
......ls...#
....###..###
# ##.# #.>
.... ....#
.....#
.....#


You could see an iguana.

Vanquished Creatures
  Terence (D:2)
  Jessica (D:1)
  Natasha (twice) (D:2)
  Robin (D:2)
  2 adders (D:2)
  An ooze (D:1)
  3 worms
  A dart slug (D:1)
  3 leopard geckos
  A ball python (D:2)
  7 bats
  A giant cockroach (D:2)
  4 hobgoblins
  6 kobolds
  3 quokkas (D:2)
  A frilled lizard (D:2)
  8 goblins
  6 rats
52 creatures vanquished.

Notes
Turn   | Place    | Note
-------+----------+-------------------------------------------
     0 | D:1      | Joeren the Ogre Transmuter began the quest for the Orb.
     0 | D:1      | Reached XP level 1. HP: 19/19 MP: 3/3
   185 | D:1      | Upgraded the game from 0.25-a0-42-g6c54e25894 to
                  | 0.25-a0-50-gf0389da217
   258 | D:2      | Noticed Jessica
   269 | D:1      | Killed Jessica
   269 | D:1      | Reached XP level 2. HP: 13/29 MP: 2/5
   269 | D:1      | Reached XP level 3. HP: 17/36 MP: 2/6
   430 | D:1      | Learned a level 2 spell: Sticks to Snakes
  1300 | D:2      | Reached XP level 4. HP: 44/45 MP: 6/8
  1835 | D:2      | Learned a level 3 spell: Spider Form
  1956 | D:2      | Noticed Natasha
  1966 | D:2      | Killed Natasha
  2267 | D:2      | Reached skill level 1 in Poison Magic
  2333 | D:2      | Reached XP level 5. HP: 53/53 MP: 7/9
  2334 | D:2      | Noticed Robin
  2343 | D:2      | Killed Robin
  2504 | D:2      | Noticed Terence
  2517 | D:2      | Killed Terence
  2858 | D:2      | Noticed Natasha
  2869 | D:2      | Killed Natasha
  2924 | D:3      | Slain by an iguana

Levels and vault maps discovered:
D:1:      dpeg_arrival_arbitrary_c, layout_basic, minmay_tetromino_o2
D:2:      layout_loops_ring, wander_ebering_terrifying_dragon_lair,
          uniq_terence, uniq_jessica, uniq_natasha, uniq_robin
D:3:      layout_basic, first_ration, portal_sewer_entry_f, minmay_quantized,
          uniq_grinder

Skill      XL: |  1  2  3  4  5 |
---------------+----------------+-----
Fighting       | 2 3 |  3.5
Unarmed Combat | 3 |  3.5
Transmutations | 2 3 |  3.1
Spellcasting   | 3 |  3.2
Poison Magic   | 1 |  1.0
Dodging        | 2 |  2.2

Action                   |  1- 3 |  4- 6 || total
-------------------------+-------+-------++-------
Melee: Unarmed           |    60 |   157 ||   217
       Kick              |     4 |     5 ||     9
       Headbutt          |     5 |     1 ||     6
Throw: Stone             |       |     3 ||     3
 Cast: Beastly Appendage |    11 |    13 ||    24
       Sticks to Snakes  |       |     2 ||     2
       Spider Form       |       |     5 ||     5
  Eat: Chunk             |     1 |     2 ||     3
       Ration            |       |     1 ||     1
Armor: Robe              |    17 |    33 ||    50
       Skin              |       |     3 ||     3
Dodge: Dodged            |    41 |    96 ||   137

Table legend:
 A = Non-vault XP
 B = Vault XP
 C = Vault XP percentage of total XP
 D = Non-vault monster count
 E = Vault monster count
 F = Vault count percentage of total count
                 A         B        C        D         E       F
            +---------+---------+-------+---------+---------+-------
      Total |     133 |     148 |  52.7 |      38 |      14 |  26.9
            +---------+---------+-------+---------+---------+-------
        D:1 |      25 |      42 |  62.7 |      11 |       3 |  21.4
        D:2 |     101 |     106 |  51.2 |      25 |      11 |  30.6
        D:3 |       7 |       0 |   0.0 |       2 |       0 |   0.0
            +---------+---------+-------+---------+---------+-------
